General information
			
			
        
        - name: BNet
 
        - type: Ladder team game (AT/RT)
 
        - host: Battle.net
 
        - saver: TIMG4STRok
 
        
map: Monsoon 
        - players: 6
 
        - length: 57:48
 
        - speed: Fast
 - version: 1.22 W3XP
 - replay type:  

 
» download(466 KB)
Players
        team 1 (loser) 
              
              
» 
FFA_FIVE (
red | 118 APM | 6837 actions | 57:43)
              
 9 Keeper of the Grove 
 3 Entangling Roots
 3 Thorns Aura
 1 Tranquility
 2 Force of Nature
 
                » actions 
                
                | Assign group hotkey | 181 |  | 
| Basic commands | 83 |  | 
| Build / train | 92 |  | 
| Enter build submenu | 21 |  | 
| Enter hero's abilities submenu | 9 |  | 
| Give item / drop item | 8 |  | 
| Remove unit from queue | 5 |  | 
| Right click | 2582 |  | 
| Select / deselect | 618 |  | 
| Select group hotkey | 2925 |  | 
| Use ability | 313 |  | 
                6837 total
 » units 
                
                | Wisp | 23 |  | 
| Chimaera | 12 |  | 
| Hippogryph | 2 |  | 
                37 total
 » upgrades
                
                | Ultravision | 1 |  | 
| Reinforced Hides | 3 |  | 
| Well Spring | 1 |  | 
| Corrosive Breath | 1 |  | 
| Strength of the Wild | 1 |  | 
                7 total
 » buildings
                
                | Altar of Elders | 1 |  | 
| Moon Well | 9 |  | 
| Tree of Ages | 1 |  | 
| Hunter's Hall | 1 |  | 
| Tree of Eternity | 1 |  | 
| Tree of Life | 2 |  | 
| Ancient of Wind | 1 |  | 
| Ancient of Wonders | 1 |  | 
| Chimaera Roost | 3 |  | 
                20 total
 » build order
                00:07 Altar of Elders
00:08 Moon Well
02:22 Moon Well
03:05 Tree of Ages
03:59 Moon Well
04:13 Hunter's Hall
04:34 Moon Well
05:28 Tree of Eternity
05:57 Tree of Life
06:50 Ancient of Wind
06:57 Ancient of Wonders
07:55 Chimaera Roost
07:56 Chimaera Roost
10:19 Chimaera Roost
12:04 Moon Well
12:04 Moon Well
13:15 Moon Well
13:16 Moon Well
16:52 Moon Well
23:51 Tree of Life
» items
                
                | Staff of Teleportation | 1 |  | 
| Boots of Speed | 1 |  | 
| Healing Salve | 1 |  | 
| Lesser Clarity Potion | 2 |  | 
| Potion of Invisibility | 1 |  | 
| Potion of Mana | 1 |  | 
| Potion of Healing | 2 |  | 
| Anti-magic Potion | 8 |  | 
| Scroll of Town Portal | 10 |  | 
| Orb of Venom | 1 |  | 
| Scroll of Healing | 1 |  | 
| Potion of Lesser Invulnerability | 1 |  | 
                30 total
  
               
              
              
» 
SomethingStupid (
blue | 29 APM | 1704 actions | 57:47)
              
 8 Blademaster 
 3 Wind Walk
 3 Critical Strike
 1 Bladestorm
 1 Mirror Image
 
                » actions 
                
                | Assign group hotkey | 2 |  | 
| Basic commands | 6 |  | 
| Build / train | 38 |  | 
| Enter build submenu | 38 |  | 
| Enter hero's abilities submenu | 8 |  | 
| Give item / drop item | 1 |  | 
| Remove unit from queue | 3 |  | 
| Right click | 1139 |  | 
| Select / deselect | 205 |  | 
| Select group hotkey | 120 |  | 
| Use ability | 144 |  | 
                1704 total
 » units 
                
                | Peon | 15 |  | 
| Demolisher | 1 |  | 
| Troll Batrider | 1 |  | 
                17 total
 » upgrades
                
                | Liquid Fire | 1 |  | 
| Reinforced Defenses | 1 |  | 
                2 total
 » buildings
                
                | Altar of Storms | 2 |  | 
| Orc Burrow | 9 |  | 
| War Mill | 1 |  | 
| Watch Tower | 10 |  | 
| Stronghold | 1 |  | 
| Barracks | 2 |  | 
| Great Hall | 1 |  | 
| Voodoo Lounge | 2 |  | 
| Fortress | 1 |  | 
| Beastiary | 6 |  | 
                35 total
 » build order
                00:05 Altar of Storms
00:07 Orc Burrow
01:01 War Mill
02:17 Watch Tower
02:19 Watch Tower
02:26 Watch Tower
02:45 Orc Burrow
03:13 Stronghold
03:53 Watch Tower
03:54 Watch Tower
04:02 Watch Tower
04:33 Barracks
05:04 Watch Tower
05:05 Watch Tower
05:36 Great Hall
06:11 Voodoo Lounge
06:18 Watch Tower
07:12 Fortress
07:15 Orc Burrow
07:21 Orc Burrow
07:33 Watch Tower
07:53 Beastiary
09:13 Beastiary
09:15 Beastiary
10:05 Beastiary
10:05 Beastiary
10:10 Barracks
10:18 Beastiary
11:37 Orc Burrow
11:38 Orc Burrow
11:39 Orc Burrow
11:42 Orc Burrow
11:44 Orc Burrow
13:04 Voodoo Lounge
38:46 Altar of Storms
» items
                
                | Staff of Teleportation | 1 |  | 
| Boots of Speed | 1 |  | 
| Scroll of Town Portal | 2 |  | 
| Orb of Venom | 1 |  | 
                5 total
  
               
              
              
Zeratul-1 (
green | 62 APM | 3566 actions | 57:45)
              
 7 Mountain King 
 3 Storm Bolt
 3 Bash
 1 Avatar
 6 Paladin 
 3 Holy Light
 2 Divine Shield
 1 Resurrection
 
                » actions 
                
                | Assign group hotkey | 47 |  | 
| Basic commands | 36 |  | 
| Build / train | 356 |  | 
| Enter build submenu | 87 |  | 
| Enter hero's abilities submenu | 13 |  | 
| Give item / drop item | 4 |  | 
| Remove unit from queue | 3 |  | 
| Right click | 1122 |  | 
| Select / deselect | 788 |  | 
| Select group hotkey | 666 |  | 
| Use ability | 444 |  | 
                3566 total
 » units 
                
                | Peasant | 49 |  | 
| Mortar Team | 9 |  | 
| Sorceress | 3 |  | 
| Flying Machine | 151 |  | 
                212 total
 » upgrades
                
                | Masonry | 1 |  | 
| Gunpowder | 3 |  | 
| Fragmentation Shards | 1 |  | 
| Flare | 1 |  | 
| Armor | 1 |  | 
| Sorceress Training | 1 |  | 
| Flak Cannons | 1 |  | 
| Plating | 3 |  | 
| Magic Sentry | 1 |  | 
| Flying Machine Bombs | 1 |  | 
                14 total
 » buildings
                
                | Lumber Mill | 3 |  | 
| Farm | 10 |  | 
| Scout Tower | 53 |  | 
| Arcane Tower | 4 |  | 
| Altar of Kings | 1 |  | 
| Guard Tower | 84 |  | 
| Blacksmith | 1 |  | 
| Arcane Vault | 1 |  | 
| Keep | 1 |  | 
| Workshop | 4 |  | 
| Castle | 2 |  | 
| Town Hall | 2 |  | 
| Arcane Sanctum | 1 |  | 
                167 total
 » build order
                00:14 Lumber Mill
00:16 Lumber Mill
01:02 Farm
01:22 Scout Tower
01:30 Scout Tower
01:41 Farm
01:47 Scout Tower
01:48 Arcane Tower
01:48 Arcane Tower
01:51 Altar of Kings
01:58 Arcane Tower
02:01 Scout Tower
02:13 Guard Tower
02:13 Guard Tower
02:16 Scout Tower
02:28 Guard Tower
02:28 Guard Tower
02:28 Guard Tower
02:31 Scout Tower
02:47 Scout Tower
02:47 Guard Tower
02:48 Guard Tower
02:58 Farm
03:01 Guard Tower
03:01 Guard Tower
03:04 Scout Tower
03:15 Guard Tower
03:15 Guard Tower
03:19 Scout Tower
03:25 Scout Tower
03:35 Blacksmith
03:46 Guard Tower
03:46 Guard Tower
03:47 Guard Tower
03:57 Scout Tower
04:02 Scout Tower
04:03 Guard Tower
04:03 Guard Tower
04:17 Arcane Vault
04:24 Keep
04:27 Guard Tower
04:29 Scout Tower
04:42 Guard Tower
04:43 Scout Tower
04:44 Guard Tower
04:45 Guard Tower
05:09 Guard Tower
05:11 Scout Tower
05:23 Scout Tower
05:24 Guard Tower
05:24 Guard Tower
05:39 Guard Tower
05:42 Scout Tower
05:47 Scout Tower
05:55 Guard Tower
05:55 Guard Tower
05:57 Scout Tower
06:05 Farm
06:14 Guard Tower
06:14 Guard Tower
06:26 Scout Tower
06:32 Guard Tower
06:34 Scout Tower
06:36 Guard Tower
06:46 Scout Tower
06:49 Workshop
06:52 Workshop
06:55 Scout Tower
07:30 Castle
07:48 Guard Tower
07:49 Guard Tower
07:59 Guard Tower
08:31 Scout Tower
09:28 Scout Tower
09:28 Guard Tower
10:16 Guard Tower
10:17 Scout Tower
10:22 Town Hall
10:42 Farm
10:56 Guard Tower
10:56 Guard Tower
10:58 Scout Tower
11:00 Scout Tower
11:23 Farm
11:29 Guard Tower
11:30 Guard Tower
13:19 Farm
14:41 Farm
14:52 Guard Tower
15:05 Farm
15:15 Scout Tower
15:17 Scout Tower
15:31 Arcane Sanctum
15:45 Guard Tower
15:46 Guard Tower
16:13 Guard Tower
17:28 Workshop
17:30 Workshop
18:38 Farm
49:13 Scout Tower
49:15 Scout Tower
49:28 Scout Tower
49:39 Scout Tower
49:40 Scout Tower
49:41 Guard Tower
49:42 Guard Tower
49:46 Guard Tower
49:46 Guard Tower
50:05 Scout Tower
50:07 Scout Tower
50:08 Guard Tower
50:08 Guard Tower
50:11 Scout Tower
50:14 Guard Tower
50:14 Guard Tower
50:14 Guard Tower
50:27 Scout Tower
50:28 Guard Tower
50:28 Guard Tower
50:30 Scout Tower
50:32 Scout Tower
50:35 Town Hall
50:44 Guard Tower
53:33 Guard Tower
53:53 Scout Tower
53:55 Scout Tower
54:17 Scout Tower
54:20 Scout Tower
54:21 Guard Tower
54:21 Guard Tower
54:21 Guard Tower
54:28 Scout Tower
54:43 Guard Tower
54:52 Lumber Mill
55:34 Guard Tower
55:46 Scout Tower
55:47 Scout Tower
55:57 Scout Tower
56:00 Guard Tower
56:00 Guard Tower
56:12 Guard Tower
56:17 Scout Tower
56:19 Scout Tower
56:32 Guard Tower
56:40 Guard Tower
56:40 Guard Tower
56:44 Scout Tower
56:51 Scout Tower
» items
                
                | Scroll of Regeneration | 3 |  | 
| Dust of Appearance | 1 |  | 
| Staff of Teleportation | 2 |  | 
| Boots of Speed | 1 |  | 
| Scroll of Town Portal | 3 |  | 
| Potion of Lesser Invulnerability | 1 |  | 
                11 total
  
               team 2 (winner) 
              
              
» 
BRAUMS (
purple | 95 APM | 5519 actions | 57:47)
              
 7 Death Knight 
 3 Death Coil
 3 Unholy Aura
 1 Animate Dead
 7 Lich 
 3 Frost Nova
 2 Frost Armor
 1 Dark Ritual
 1 Death and Decay
 6 Dreadlord 
 3 Sleep
 2 Carrion Swarm
 1 Inferno
 
                » actions 
                
                | Assign group hotkey | 36 |  | 
| Basic commands | 424 |  | 
| Build / train | 172 |  | 
| ESC pressed | 12 |  | 
| Enter build submenu | 54 |  | 
| Enter hero's abilities submenu | 23 |  | 
| Give item / drop item | 4 |  | 
| Right click | 2254 |  | 
| Select / deselect | 982 |  | 
| Select group hotkey | 1256 |  | 
| Use ability | 302 |  | 
                5519 total
 » units 
                
                | Acolyte | 45 |  | 
| Ghoul | 9 |  | 
| Crypt Fiend | 9 |  | 
| Frost Wyrm | 11 |  | 
| Obsidian Statue | 2 |  | 
                76 total
 » upgrades
                
                | Web | 1 |  | 
| Destroyer Form | 1 |  | 
| Creature Attack | 3 |  | 
| Creature Carapace | 3 |  | 
| Freezing Breath | 1 |  | 
                9 total
 » buildings
                
                | Crypt | 1 |  | 
| Graveyard | 3 |  | 
| Altar of Darkness | 1 |  | 
| Ziggurat | 18 |  | 
| Tomb of Relics | 3 |  | 
| Halls of the Dead | 9 |  | 
| Nerubian Tower | 3 |  | 
| Spirit Tower | 10 |  | 
| Necropolis | 14 |  | 
| Black Citadel | 2 |  | 
| Sacrificial Pit | 1 |  | 
| Boneyard | 2 |  | 
| Slaughterhouse | 1 |  | 
                68 total
 » build order
                00:05 Crypt
00:20 Graveyard
00:40 Altar of Darkness
00:58 Ziggurat
01:24 Tomb of Relics
02:00 Ziggurat
04:32 Halls of the Dead
04:33 Halls of the Dead
04:47 Ziggurat
04:54 Nerubian Tower
06:18 Ziggurat
07:26 Spirit Tower
07:29 Spirit Tower
08:50 Necropolis
09:10 Black Citadel
11:14 Sacrificial Pit
12:06 Spirit Tower
12:56 Boneyard
13:50 Boneyard
14:55 Ziggurat
14:56 Ziggurat
16:34 Necropolis
17:42 Ziggurat
18:34 Nerubian Tower
18:39 Ziggurat
19:29 Necropolis
19:31 Slaughterhouse
19:33 Nerubian Tower
20:27 Ziggurat
21:44 Spirit Tower
21:57 Ziggurat
23:49 Necropolis
23:52 Ziggurat
23:54 Spirit Tower
23:54 Ziggurat
24:29 Halls of the Dead
25:10 Spirit Tower
25:11 Ziggurat
27:49 Black Citadel
28:43 Ziggurat
28:44 Necropolis
28:46 Halls of the Dead
29:02 Spirit Tower
29:32 Spirit Tower
29:49 Halls of the Dead
30:23 Spirit Tower
31:14 Halls of the Dead
32:44 Necropolis
32:47 Necropolis
34:27 Graveyard
34:49 Tomb of Relics
34:50 Tomb of Relics
35:27 Necropolis
38:09 Necropolis
38:10 Necropolis
38:13 Halls of the Dead
39:35 Necropolis
40:39 Halls of the Dead
40:39 Halls of the Dead
49:29 Necropolis
49:30 Necropolis
50:22 Ziggurat
50:27 Graveyard
51:46 Necropolis
52:30 Ziggurat
52:32 Ziggurat
52:33 Ziggurat
53:55 Spirit Tower
» items
                
                | Rod of Necromancy | 1 |  | 
| Dust of Appearance | 4 |  | 
| Potion of Mana | 7 |  | 
| Orb of Corruption | 2 |  | 
| Scroll of Town Portal | 6 |  | 
| Potion of Healing | 4 |  | 
| Scroll of Healing | 7 |  | 
| Tome of Retraining | 1 |  | 
                32 total
  
               
              
              
PatheticRTn00bs (
teal | 204 APM | 11800 actions | 57:47)
              
 7 Crypt Lord 
 3 Carrion Beetles
 3 Spiked Carapace
 1 Locust Swarm
 
                » actions 
                
                | Assign group hotkey | 46 |  | 
| Basic commands | 129 |  | 
| Build / train | 106 |  | 
| Enter build submenu | 42 |  | 
| Enter hero's abilities submenu | 7 |  | 
| Give item / drop item | 3 |  | 
| Remove unit from queue | 5 |  | 
| Right click | 3306 |  | 
| Select / deselect | 1088 |  | 
| Select group hotkey | 6982 |  | 
| Use ability | 86 |  | 
                11800 total
 » units 
                
                | Acolyte | 13 |  | 
| Ghoul | 5 |  | 
| Meatwagon | 2 |  | 
| Frost Wyrm | 19 |  | 
| Obsidian Statue | 1 |  | 
| Banshee | 2 |  | 
                42 total
 » upgrades
                
                | Unholy Strength | 2 |  | 
| Creature Attack | 3 |  | 
| Creature Carapace | 3 |  | 
| Freezing Breath | 1 |  | 
| Banshee Training | 1 |  | 
                10 total
 » buildings
                
                | Graveyard | 1 |  | 
| Crypt | 1 |  | 
| Ziggurat | 16 |  | 
| Altar of Darkness | 1 |  | 
| Necropolis | 3 |  | 
| Tomb of Relics | 1 |  | 
| Nerubian Tower | 1 |  | 
| Halls of the Dead | 6 |  | 
| Slaughterhouse | 3 |  | 
| Spirit Tower | 5 |  | 
| Sacrificial Pit | 1 |  | 
| Black Citadel | 2 |  | 
| Boneyard | 3 |  | 
| Temple of the Damned | 1 |  | 
                45 total
 » build order
                00:05 Graveyard
00:08 Crypt
00:36 Ziggurat
00:55 Altar of Darkness
01:53 Necropolis
02:05 Tomb of Relics
02:26 Nerubian Tower
02:47 Halls of the Dead
02:47 Halls of the Dead
02:47 Halls of the Dead
02:48 Halls of the Dead
04:37 Ziggurat
04:48 Ziggurat
05:18 Slaughterhouse
05:19 Slaughterhouse
05:40 Spirit Tower
05:49 Slaughterhouse
06:19 Spirit Tower
07:37 Sacrificial Pit
08:02 Black Citadel
10:23 Boneyard
10:24 Boneyard
10:25 Boneyard
11:09 Ziggurat
11:10 Ziggurat
11:13 Ziggurat
12:03 Spirit Tower
12:04 Spirit Tower
12:07 Spirit Tower
19:20 Halls of the Dead
19:35 Ziggurat
23:51 Black Citadel
24:02 Ziggurat
24:04 Ziggurat
28:50 Temple of the Damned
33:55 Ziggurat
33:58 Ziggurat
33:58 Ziggurat
33:59 Ziggurat
33:59 Ziggurat
34:00 Ziggurat
34:00 Ziggurat
47:58 Necropolis
48:01 Necropolis
» items
                
                | Rod of Necromancy | 1 |  | 
| Sacrificial Skull | 1 |  | 
| Scroll of Town Portal | 7 |  | 
| Scroll of Healing | 6 |  | 
| Scroll of Protection | 4 |  | 
| Boots of Speed | 1 |  | 
| Orb of Corruption | 1 |  | 
| Potion of Healing | 1 |  | 
                22 total
  
               
              
              
» 
TIMG4STRok (
orange | 116 APM | 6694 actions | 57:48)
              
 7 Priestess of the Moon 
 3 Trueshot Aura
 3 Scout
 1 Starfall
 6 Keeper of the Grove 
 3 Entangling Roots
 2 Thorns Aura
 1 Tranquility
 
                » actions 
                
                | Assign group hotkey | 81 |  | 
| Basic commands | 246 |  | 
| Build / train | 150 |  | 
| ESC pressed | 10 |  | 
| Enter build submenu | 30 |  | 
| Enter hero's abilities submenu | 13 |  | 
| Give item / drop item | 5 |  | 
| Right click | 2841 |  | 
| Select / deselect | 681 |  | 
| Select group hotkey | 2422 |  | 
| Use ability | 215 |  | 
                6694 total
 » units 
                
                | Wisp | 45 |  | 
| Huntress | 10 |  | 
| Archer | 4 |  | 
| Dryad | 13 |  | 
| Hippogryph | 24 |  | 
                96 total
 » upgrades
                
                | Abolish Magic | 1 |  | 
| Improved Bows | 1 |  | 
| Well Spring | 1 |  | 
| Strength of the Wild | 3 |  | 
| Reinforced Hides | 3 |  | 
| Nature's Blessing | 1 |  | 
| Ultravision | 1 |  | 
                11 total
 » buildings
                
                | Altar of Elders | 1 |  | 
| Moon Well | 8 |  | 
| Hunter's Hall | 1 |  | 
| Ancient of War | 2 |  | 
| Ancient Protector | 5 |  | 
| Tree of Ages | 1 |  | 
| Ancient of Lore | 4 |  | 
| Tree of Life | 3 |  | 
| Tree of Eternity | 1 |  | 
| Ancient of Wind | 2 |  | 
| Chimaera Roost | 2 |  | 
                30 total
 » build order
                00:08 Altar of Elders
00:19 Moon Well
01:26 Hunter's Hall
01:49 Ancient of War
02:03 Ancient of War
02:16 Moon Well
02:29 Moon Well
04:19 Moon Well
05:40 Moon Well
07:27 Ancient Protector
07:27 Ancient Protector
09:09 Tree of Ages
11:47 Ancient of Lore
11:48 Ancient of Lore
11:58 Ancient of Lore
12:09 Ancient of Lore
13:09 Tree of Life
14:58 Moon Well
14:59 Moon Well
15:53 Tree of Eternity
16:48 Ancient of Wind
18:18 Chimaera Roost
18:20 Chimaera Roost
18:29 Ancient Protector
18:31 Ancient Protector
19:31 Tree of Life
21:47 Tree of Life
22:03 Moon Well
22:09 Ancient Protector
38:18 Ancient of Wind
» items
                
                | Dust of Appearance | 1 |  | 
| Potion of Lesser Invulnerability | 5 |  | 
| Scroll of Healing | 9 |  | 
| Scroll of Town Portal | 3 |  | 
| Boots of Speed | 2 |  | 
| Potion of Invisibility | 1 |  | 
| Scroll of Protection | 1 |  | 
                22 total
  
                Chat log
          (00:04 / All) TIMG4STRok: gg gl
(00:13 / All) FFA_FIVE: shut up nigger
(00:14 / Allies) BRAUMS: hunta fiend
(00:15 / Allies) BRAUMS: while jaws
(00:16 / All) TIMG4STRok: manner please.
(00:17 / Allies) BRAUMS: gets expo
(00:23 / Allies) TIMG4STRok: shore.
(00:44 / Allies) PatheticRTn00bs: so wut they doing
(00:46 / All) TIMG4STRok: manner game gg gl
(00:47 / Allies) PatheticRTn00bs: what were their races again
(00:48 / Allies) BRAUMS: zeratul sucks
(00:51 / Allies) BRAUMS: somethingstupid sucks
(00:56 / Allies) TIMG4STRok: kodos is angry
(01:01 / Allies) TIMG4STRok: never underestimate an angry nerd.
(01:06 / Allies) PatheticRTn00bs: who is 
(01:07 / Allies) PatheticRTn00bs: kodos
(01:08 / Allies) TIMG4STRok: ffa five
(01:10 / All) BRAUMS: u kodos?
(01:12 / Allies) PatheticRTn00bs: ah ok
(01:13 / All) BRAUMS: yes/no
(01:15 / Allies) TIMG4STRok: assuming
(01:17 / All) FFA_FIVE: shut up nigger
(01:19 / All) BRAUMS: ok
(01:19 / Allies) TIMG4STRok: by the "shut up nigger"
(01:21 / All) BRAUMS: kodos
(01:23 / Allies) TIMG4STRok: and fiar saying it was him last night
(01:36 / All) PatheticRTn00bs: man kodos i raped ur base last night didn't I :D
(01:40 / All) PatheticRTn00bs: and u were even expecting it
(01:45 / All) BRAUMS: boy you dont fuck with me
(02:29 / Allies) BRAUMS: bm
(02:31 / Allies) BRAUMS: rofl
(02:33 / Allies) PatheticRTn00bs: uh ohz
(02:34 / All) PatheticRTn00bs: spaggetios
(03:39 / Allies) PatheticRTn00bs: oh shit
(03:41 / Allies) PatheticRTn00bs: this creep will be touh
(05:56 / Allies) PatheticRTn00bs: thx
(06:43 / All) PatheticRTn00bs: so
(06:45 / All) PatheticRTn00bs: this a uh
(06:47 / All) PatheticRTn00bs: new strat
(07:08 / Allies) PatheticRTn00bs: i got wagons coming
(07:12 / Allies) PatheticRTn00bs: we'll hit here
(08:25 / All) SomethingStupid: ty
(08:33 / All) SomethingStupid: i would go for the lightning stick too
(08:36 / All) BRAUMS: mis click
(08:52 / All) SomethingStupid: you mean you were just spam right clicking and only had 1 slot
(09:03 / All) BRAUMS: Mis clicl.
(09:04 / All) BRAUMS: exactly.
(09:15 / Allies) PatheticRTn00bs: just protect m
(09:38 / All) BRAUMS: u need
(09:41 / All) BRAUMS: less sons
(10:34 / All) BRAUMS: Look at this proto shit
(10:38 / All) FFA_FIVE: I know
(10:40 / All) FFA_FIVE: 500 fiends
(10:47 / All) BRAUMS: 500 towers
(10:52 / All) BRAUMS: And then losing to wagons
(10:53 / All) TIMG4STRok: next time we random ud we wont go fiends or wyrms ok
(11:40 / All) BRAUMS: do u mh y/n?
(12:15 / All) BRAUMS: no units no win
(13:21 / Allies) PatheticRTn00bs: u gusy watn more wagons
(13:23 / Allies) PatheticRTn00bs: or wyrms
(13:37 / Allies) TIMG4STRok: ill go chim
(13:40 / Allies) TIMG4STRok: got wood?
(14:24 / Allies) PatheticRTn00bs: its np
(14:39 / All) PatheticRTn00bs: man red
(14:42 / All) PatheticRTn00bs: you hav something against wagons?
(15:17 / Allies) PatheticRTn00bs: who needs
(15:18 / Allies) PatheticRTn00bs: wood
(15:19 / Allies) BRAUMS: me
(15:20 / Allies) TIMG4STRok: me
(15:45 / All) BRAUMS: Look at this proto
(15:48 / All) BRAUMS: u guys
(15:54 / All) BRAUMS: Are scum
(15:59 / All) FFA_FIVE: yeah two undeads massing wyrms
(16:03 / All) FFA_FIVE: It's ridiculous
(16:06 / All) BRAUMS: We dont even amss towers
(16:09 / All) FFA_FIVE: so
(16:10 / All) BRAUMS: why are you whining
(16:16 / All) BRAUMS: BAAAAW WE RANDOM 2 UDS
(16:17 / All) BRAUMS: BAAAW
(16:20 / All) FFA_FIVE: so
(16:46 / All) BRAUMS: lOOK AT THIS PROTO
(18:46 / All) BRAUMS: i bet u wet ur pants at night blue
(19:08 / Allies) TIMG4STRok: wood
(19:10 / All) SomethingStupid: i wet your moms pants
(19:11 / All) SomethingStupid: owned
(19:13 / Allies) TIMG4STRok: repair
(19:17 / Allies) BRAUMS: make 2 halls
(20:03 / All) SomethingStupid: im going to your other expo
(20:06 / All) BRAUMS: sweet
(20:34 / All) BRAUMS: hey u lied
(20:37 / Allies) TIMG4STRok: wood me
(20:39 / All) SomethingStupid: did i?
(20:47 / All) SomethingStupid: i didnt say i was going to attack it
(20:53 / Allies) BRAUMS: we need hipps?
(20:56 / Allies) TIMG4STRok: n
(20:57 / Allies) TIMG4STRok: got yad
(21:02 / Allies) BRAUMS: they got gyros
(21:06 / Allies) PatheticRTn00bs: yep
(21:08 / Allies) PatheticRTn00bs: almost killed my wyrms
(21:09 / Allies) PatheticRTn00bs: lol
(21:22 / Allies) PatheticRTn00bs: going after my wryms
(22:12 / Allies) PatheticRTn00bs: heal me
(22:13 / Allies) PatheticRTn00bs: lol
(22:20 / Allies) BRAUMS: buy heal scrolls
(22:21 / Allies) BRAUMS: u big clown
(25:35 / Allies) PatheticRTn00bs: lol
(26:26 / All) BRAUMS: stop clicking my hero say dk
(27:24 / Allies) TIMG4STRok: share
(27:25 / Allies) TIMG4STRok: god damn
(27:49 / Allies) PatheticRTn00bs: give wood
(28:00 / Allies) PatheticRTn00bs: goign 100 fo od
(28:11 / Allies) PatheticRTn00bs: shit
(28:12 / Allies) PatheticRTn00bs: bats
(28:18 / Allies) BRAUMS: they're feedinh him though
(28:21 / Allies) BRAUMS: he doesnt have his own economy
(28:22 / Allies) PatheticRTn00bs: yeah
(30:53 / Allies) PatheticRTn00bs: fuck fuck fuck
(30:55 / Allies) PatheticRTn00bs: h'll
(30:59 / Allies) PatheticRTn00bs: he'll come after me
(31:06 / Allies) BRAUMS: heal scrolls
(32:08 / Allies) PatheticRTn00bs: all tp?
(32:13 / Allies) PatheticRTn00bs: tp?
(32:22 / Allies) PatheticRTn00bs: too late
(32:24 / Allies) PatheticRTn00bs: u guys didnt say
(33:34 / Allies) PatheticRTn00bs: fuck
(34:20 / Allies) PatheticRTn00bs: wood
(35:53 / Allies) PatheticRTn00bs: heal my weak one
(36:30 / Allies) PatheticRTn00bs: goddamnit
(36:32 / Allies) PatheticRTn00bs: i shoulda kep tmassing
(36:35 / Allies) PatheticRTn00bs: wagons
(36:35 / Allies) PatheticRTn00bs: lol
(36:48 / Allies) PatheticRTn00bs: no
(36:55 / All) BRAUMS: smoothe
(39:01 / All) TIMG4STRok: HOOTy hoo
(39:02 / All) TIMG4STRok: get it
(39:04 / All) TIMG4STRok: hoot hoot
(39:33 / Allies) PatheticRTn00bs: thats all they're gonn ahave
(39:40 / Allies) BRAUMS: we cant fly
(39:42 / Allies) BRAUMS: our shit over though
(39:48 / Allies) TIMG4STRok: hips pumping
(39:55 / Allies) BRAUMS: i dunno if i should go 100
(39:57 / Allies) PatheticRTn00bs: u need gold?
(40:01 / Allies) TIMG4STRok: no im in upkeep
(40:03 / Allies) TIMG4STRok: hold on to it
(40:10 / Allies) BRAUMS: how much
(40:12 / Allies) BRAUMS: in that mine
(40:14 / Allies) BRAUMS: no
(40:15 / Allies) BRAUMS: no
(40:50 / Allies) BRAUMS: how much
(40:51 / Allies) BRAUMS: in that mine
(42:02 / All) PatheticRTn00bs: k u lose
(42:05 / All) PatheticRTn00bs: time to go
(42:11 / All) FFA_FIVE: shut up nigger
(42:14 / All) PatheticRTn00bs: u lost kodos
(42:17 / All) PatheticRTn00bs: once we hit 100 food
(42:18 / All) PatheticRTn00bs: ur dead
(42:37 / All) SomethingStupid: you are going to be disappointed to find out kodos isnt here
(42:46 / All) TIMG4STRok: of course he aint
(42:47 / All) PatheticRTn00bs: nah i dont really care
(45:01 / Allies) PatheticRTn00bs: k
(45:34 / Allies) PatheticRTn00bs: go now?
(48:34 / All) BRAUMS: time to go 100 food niggers
(48:35 / Allies) PatheticRTn00bs: capture his chims
(50:02 / Allies) PatheticRTn00bs: nm
(50:23 / All) PatheticRTn00bs: so this is fun to you guys huh?
(50:37 / All) FFA_FIVE: is playing undead in team games fun
(50:39 / All) PatheticRTn00bs: why massing wagons
(50:41 / All) PatheticRTn00bs: isn't fun?
(50:42 / All) BRAUMS: we randomned
(50:43 / All) BRAUMS: Lmao
(50:44 / All) PatheticRTn00bs: why dont u guys just do that?
(50:46 / All) BRAUMS: stop whining jesus
(50:47 / All) FFA_FIVE: four wagons and thjen  50 wyrms
(50:52 / All) PatheticRTn00bs: i'd mass all wagons
(50:56 / All) PatheticRTn00bs: if u guys didnt make gay units afterwards
(50:58 / All) PatheticRTn00bs: i dont give a shit
(51:03 / All) TIMG4STRok: you make us resort to doing this, then you cry about it,.
(51:24 / All) FFA_FIVE: yes you weren't planning on massing wyrms
(51:28 / All) Zeratul-1: lol
(51:31 / All) BRAUMS: We randomned moron
(51:33 / All) TIMG4STRok: was planning on embarrassing you with hunts
(51:35 / All) BRAUMS: god stop whining
(51:39 / All) PatheticRTn00bs: o/w i'd just have kept massing wagons
(51:40 / All) TIMG4STRok: had to resort to yad, which is only slightly worse
(51:42 / All) PatheticRTn00bs: i mean chims
(51:43 / All) PatheticRTn00bs: come on now
(51:51 / All) BRAUMS: look at these morons
(51:54 / All) BRAUMS: cry about randoming ud
(51:56 / All) BRAUMS: but when they do it
(51:59 / All) BRAUMS: its ok
(52:18 / All) PatheticRTn00bs: blue u must hate me with a vengance
(52:18 / All) FFA_FIVE: you were the ones crying first nigger
(52:18 / All) FFA_FIVE: "
(52:21 / Allies) BRAUMS: i got d and d
(52:22 / Allies) BRAUMS: lets push
(52:22 / All) PatheticRTn00bs: i destroye dyour base
(52:25 / All) PatheticRTn00bs: and now ur killing mine
(52:25 / All) TIMG4STRok: why so angry kodos.
(52:26 / All) FFA_FIVE: "why mass towers"
(52:28 / All) PatheticRTn00bs: even though it serves no purpose
(53:31 / Allies) PatheticRTn00bs: thank the lord for D&D
(53:45 / All) PatheticRTn00bs: excuse me
(53:47 / All) PatheticRTn00bs: THANK NERZUL
(53:50 / All) PatheticRTn00bs: FOR D&d
(54:00 / All) BRAUMS: Kodos u blow
(54:06 / All) FFA_FIVE: win a game without undead
(54:10 / All) BRAUMS: we can
(54:11 / All) BRAUMS: rofl
(54:13 / All) TIMG4STRok: lose a game without cryins
(54:13 / All) PatheticRTn00bs: LOK NEXT TIME
(54:15 / All) PatheticRTn00bs: I'LL MASS WAGONS
(54:17 / All) BRAUMS: oh wait a min remember that game on fsa
(54:17 / All) FFA_FIVE: k it just hasn't happened yet
(54:19 / All) PatheticRTn00bs: 100 FOOD WAGONS
(54:20 / All) BRAUMS: where u randomned 2 ud
(54:22 / All) BRAUMS: and then lost
(54:25 / All) BRAUMS: Roflmao n00bz
(54:29 / All) FFA_FIVE: yes RT
(54:35 / All) FFA_FIVE: act like you mass wagons
(54:36 / All) FFA_FIVE: four is massing
(54:37 / All) BRAUMS: 6k in the bank
(54:40 / All) BRAUMS: hey 6k in the bank
(54:41 / All) PatheticRTn00bs: I HAD 6
(54:41 / All) BRAUMS: lmao
(55:05 / All) BRAUMS: I must of had 70 apm
(55:07 / All) BRAUMS: u guys are so bad
(55:12 / All) FFA_FIVE: all that's required for undead
(55:17 / All) BRAUMS: *beatin u
(55:18 / All) BRAUMS: lmao
(55:22 / All) PatheticRTn00bs: oh plus
(55:24 / All) PatheticRTn00bs: i made CL
(55:26 / All) PatheticRTn00bs: not even DK/lich
(55:31 / All) PatheticRTn00bs: so uh..
(55:31 / All) FFA_FIVE: no just your ally
(55:33 / All) PatheticRTn00bs: yeah
(55:37 / All) PatheticRTn00bs: that one one person
(55:40 / All) TIMG4STRok: guy is upset that hes just bad at this game and cant use my own strategies against me.
(55:48 / All) FFA_FIVE: what strategies
(55:50 / All) BRAUMS: u cant win I have like 6k
(55:51 / All) FFA_FIVE: you never mass towers
(55:54 / All) FFA_FIVE: you just proto
(55:55 / All) TIMG4STRok: "hey clan towa does this lets tower monsoon"
(55:59 / All) BRAUMS: HEY YOU PROTO ROFLMAO
(56:02 / All) TIMG4STRok: "hey clan towa does this lets tower fsa"
(56:06 / All) FFA_FIVE: proto is relying on undead
(56:09 / All) BRAUMS: No thats u moron
(56:16 / All) BRAUMS: We cant random ud
(56:17 / All) BRAUMS: but stne can
(56:20 / All) BRAUMS: fucking pretentious fucks
(56:24 / All) TIMG4STRok: kakakak
(56:29 / All) FFA_FIVE: differencef is you cant win without ud
(56:37 / All) BRAUMS: yeah ok
(56:39 / All) BRAUMS: retard
(56:42 / All) BRAUMS: Yeah ok
(56:45 / All) FFA_FIVE: yeah ok
(56:45 / All) TIMG4STRok: kagkahgkahga
(56:51 / All) BRAUMS: Dude ur pally is dieing
(56:53 / All) BRAUMS: to d and d
(57:02 / All) Zeratul-1: and?
(57:44 / All) TIMG4STRok: gg